 Dungeon Crawl Stone Soup version 0.30.0 (webtiles) character file.

Game seed: 2595886966269362501

632 bjtr the Digger (level 7, 0/38 HPs)
             Began as a Gargoyle Earth Elementalist on May 6, 2023.
             Was an Initiate of Vehumet.
             Slain by an ice beast (10 damage)
             ... on level 5 of the Dungeon.
             The game lasted 00:25:50 (5228 turns).

bjtr the Digger (Gargoyle Earth Elementalist)       Turns: 5228, Time: 00:25:51

Health: 0/38       AC: 12    Str: 18    XL:     7   Next: 49%
Magic:  10/14      EV: 11    Int: 26    God:    Vehumet [......]
Gold:   273        SH:  0    Dex:  5    Spells: 4/15 levels left

rFire   . . .        a - +2 dire flail (protect)
rCold   . . .        (shield currently unavailable)
rNeg    + . .        h - +0 leather armour
rPois   ∞            d - +1 helmet "Hovin" {Rampage Int+3 Dex-5}
rElec   +            (no cloak)
rCorr   .            x - +0 pair of gloves
SInv    .            z - +0 pair of boots
Will    .....        (no amulet)
Stlth   +            l - +6 ring of strength
HPRegen 0.26/turn    E - +6 ring of intelligence
MPRegen 0.14/turn

%: rampage
@: no status effects
A: sickness immunity, AC +4, negative energy resistance 1, electricity
resistance, torment resistance 1, petrification resistance
a: Renounce Religion


You were on level 5 of the Dungeon.
You worshipped Vehumet.
Vehumet was noncommittal.
You visited 2 branches of the dungeon, and saw 6 of its levels.
You also visited: Sewer.

You collected 273 gold pieces.

Inventory:

Hand Weapons
 a - a +2 dire flail of protection (weapon)
 b - a +0 sling
 j - a +0 whip
 r - a +0 war axe
 w - a +0 falchion
 y - a +1 long sword of distortion
 C - a +0 trident
Armour
 d - the +1 helmet "Hovin" (worn) {Rampage Int+3 Dex-5}
   (You took it off Robin on level 3 of the Dungeon)

   Int:       It affects your intelligence (+3).
   Dex:       It affects your dexterity (-5).
   Rampage:   It bestows one free step when moving towards enemies.
 h - a +0 leather armour (worn)
 q - a +2 tower shield
 x - a +0 pair of gloves (worn)
 z - a +0 pair of boots (worn)
 D - a +3 scale mail of cold resistance
Jewellery
 c - a ring of see invisible
 i - a ring of protection from cold
 l - a +6 ring of strength (left hand)
 E - a +6 ring of intelligence (right hand)
Wands
 A - a wand of iceblast (2)
 B - a wand of digging (4)
Scrolls
 e - a scroll of fear
 k - 2 scrolls of amnesia
 m - a scroll of fog
 n - 3 scrolls of identify
 u - a scroll of poison
 v - a scroll of enchant weapon
Potions
 f - a potion of haste
 g - 3 potions of lignification
 o - 2 potions of brilliance
 p - a potion of attraction
 s - 2 potions of flight
 t - 2 potions of mutation
 F - a potion of magic
 G - a potion of resistance {unknown}


   Skills:
 + Level 1.0 Fighting
 + Level 1.0 Armour
 + Level 2.0 Dodging
 + Level 2.7 Stealth
 * Level 4.7 Spellcasting
 * Level 2.4 Conjurations
 - Level 0.7 Transmutations
 * Level 6.2 Earth Magic
 * Level 2.0 Evocations


You had 4 spell levels left.
You knew the following spells:

 Your Spells              Type           Power      Damage    Failure   Level
a - Sandblast             Erth           76%        2d16      1%          1
b - Passwall              Tmut/Erth      20%        N/A       3%          2
c - Stone Arrow           Conj/Erth      56%        3d10      4%          3
d - Mephitic Cloud        Conj/Pois/Air  10%        N/A       21%         3
e - Call Imp              Summ           12%        N/A       14%         2

Your spell library contained the following spells:

 Spells                   Type           Power      Damage    Failure   Level
 Magic Dart               Conj           72%        1d6       3%          1
 Summon Small Mammal      Summ           24%        N/A       10%         1
 Petrify                  Tmut/Erth      24%        N/A       22%         4
 Call Canine Familiar     Summ           6%         N/A       28%         3
 Summon Guardian Golem    Hex/Summ       6%         N/A       28%         3


Dungeon Overview and Level Annotations

Branches:
Dungeon (5/15)             Temple (1/1) D:5           Sewer (visited)

Altars:
Ashenzari
Fedhas
Hepliaklqana
Makhleb
Nemelex Xobeh
Okawaru
Qazlal
Ru
Trog
Uskayaw
Vehumet
Xom
Yredelemnul
Zin
The Shining One

Shops:
D:2 :


Innate Abilities, Weirdness & Mutations

You are immune to sickness and miasma.
Your stone body is resilient. (AC +4)
You are immune to poison.
You resist negative energy. (rN+)
You are resistant to electric shocks. (rElec)
You are resistant to unholy torment.
You are immune to petrification.


Message History

The ice beast hits you but does no damage.
You closely miss the ice beast.
The ice beast is moderately wounded.
The ice beast closely misses you.
Casting: Sandblast (safe; 1% risk of failure)
Confirm with . or Enter, or press ? or * to list all spells.
Aiming: Sandblast (safe; 1% risk of failure)
Press: ? - help, Shift-Dir - straight line, f - ice beast
Aim: an ice beast (moderately wounded, 84% to hit)
The blast of sand hits the ice beast.
The ice beast is moderately wounded.
The ice beast barely misses you.
The ice beast hits you but does no damage.
Casting: Sandblast (safe; 1% risk of failure)
Confirm with . or Enter, or press ? or * to list all spells.
Aiming: Sandblast (safe; 1% risk of failure)
Press: ? - help, Shift-Dir - straight line, f/p - ice beast
Aim: an ice beast (moderately wounded, 84% to hit)
The blast of sand hits the ice beast!
The ice beast is severely wounded.
The ice beast hits you. The ice beast freezes you!
Unknown command.
Casting: Sandblast (safe; 1% risk of failure)
Confirm with . or Enter, or press ? or * to list all spells.
Aiming: Sandblast (safe; 1% risk of failure)
Press: ? - help, Shift-Dir - straight line, f/p - ice beast
Aim: an ice beast (severely wounded, 84% to hit)
The blast of sand hits the ice beast.
The ice beast is severely wounded.
The ice beast closely misses you. x2
Unknown command.
Casting: Sandblast (safe; 1% risk of failure)
Confirm with . or Enter, or press ? or * to list all spells.
Aiming: Sandblast (safe; 1% risk of failure)
Press: ? - help, Shift-Dir - straight line, f/p - ice beast
Aim: an ice beast (severely wounded, 84% to hit)
The blast of sand misses the ice beast.
The ice beast hits you.
* * * LOW HITPOINT WARNING * * *
The ice beast freezes you!
You die...

## #.### ###...#####
#.........###.## ###
#.......@Y...# #.#
##..#.......## ##.##
##.##.......#
###...###.........#....
##.................# .##
#.................... ..
................#..... .
##.............##.....
#..............#........


You could see an ice beast.

Vanquished Creatures
  Edmund (D:4)
  An ogre (D:4)
  A scorpion (D:5)
  An orc priest (D:4)
  Terence (D:2)
  Jessica (D:2)
  2 iguanas
  Robin (D:3)
  11 adders
  3 river rats (Sewer)
  6 worms
  2 dart slugs
  6 orcs
  7 ball pythons
  2 endoplasms (D:3)
  4 giant cockroaches
  7 hobgoblins
  9 quokkas
  13 bats
  3 frilled lizards
  8 goblins
  6 kobolds
  4 rats
100 creatures vanquished.

Notes
Turn   | Place    | Note
-------+----------+-------------------------------------------
     0 | D:1      | bjtr the Gargoyle Earth Elementalist began the quest for
                  | the Orb.
     0 | D:1      | Reached XP level 1. HP: 10/10 MP: 3/3
   172 | D:1      | Reached XP level 2. HP: 15/15 MP: 5/5
   175 | D:1      | Learned a level 2 spell: Passwall
   255 | D:1      | Reached skill level 4 in Earth Magic
   743 | D:2      | Noticed Terence
  1009 | D:2      | Found a faded altar of an unknown god.
  1065 | D:2      | Found Jonilyz's Book Shoppe.
  1141 | D:2      | Reached XP level 3. HP: 12/19 MP: 0/6
  1673 | D:2      | Noticed Jessica
  1679 | D:2      | Killed Jessica
  1680 | D:2      | Reached XP level 4. HP: 21/24 MP: 4/8
  1839 | D:2      | Killed Terence
  2000 | D:3      | Reached skill level 1 in Evocations
  2118 | D:3      | Reached XP level 5. HP: 28/28 MP: 9/9
  2197 | D:3      | Reached skill level 5 in Earth Magic
  2273 | D:3      | Learned a level 3 spell: Stone Arrow
  2277 | D:3      | Learned a level 3 spell: Mephitic Cloud
  2345 | D:3      | Identified the +1 helmet "Hovin" {Rampage Int+3 Dex-5}
  2345 | D:3      | Noticed Robin
  2357 | D:3      | Killed Robin
  2358 | D:3      | Reached skill level 1 in Conjurations
  3015 | D:4      | Found a glowing drain.
  3054 | Sewer    | Entered a sewer
  3283 | Sewer    | HP: 1/28 [river rat (6)]
  3292 | Sewer    | Reached XP level 6. HP: 15/32 MP: 1/11
  4030 | D:4      | Found a burning altar of Makhleb.
  4032 | D:4      | Found an iron altar of Okawaru.
  4071 | D:4      | Reached skill level 6 in Earth Magic
  4161 | D:4      | Found a blossoming altar of Fedhas.
  4171 | D:4      | Found a glowing silver altar of Zin.
  4171 | D:4      | Found a glowing golden altar of the Shining One.
  4254 | D:4      | Found a shimmering altar of Xom.
  4295 | D:4      | Reached XP level 7. HP: 18/37 MP: 11/13
  4397 | D:4      | Found a hide-covered altar of Uskayaw.
  4538 | D:4      | Learned a level 2 spell: Call Imp
  4540 | D:5      | Entered Level 5 of the Dungeon
  4540 | D:5      | Noticed Edmund
  4750 | D:4      | Killed Edmund
  4942 | D:5      | Reached skill level 1 in Fighting
  4942 | D:5      | Reached skill level 1 in Armour
  4961 | D:5      | Found a staircase to the Ecumenical Temple.
  4975 | Temple   | Entered the Ecumenical Temple
  4983 | Temple   | Became a worshipper of Vehumet
  5228 | D:5      | Slain by an ice beast

Illustrated notes

Levels and vault maps discovered:
D:1:      elethiomel_arrival_quiet, layout_basic, nrook_uturn,
          kennysheep_small_spiral, grunt_decor_mini_mirrors
D:2:      layout_basic, ebering_ecumenical_altar_box, serial_shops, shop,
          uniq_jessica, uniq_terence
D:3:      layout_basic, uniq_robin
D:4:      layout_cave_pools, mainiacjoe_overflow_cross_hatched,
          grunt_temple_overflow_open, nicolae_uskayaw_suspiria,
          kennysheep_little_box, portal_sewer_entry_f
D:5:      layout_cave_pools, mainiacjoe_overflow_tiny_flanked,
          minmay_temple_entry_antechambers, uniq_edmund
Temple:   nicolae_temple_bog_church

Skill      XL: |  1  2  3  4  5  6  7 |
---------------+----------------------+-----
Earth Magic    | 4 5 6 |  6.2
Spellcasting   | 3 4 |  4.7
Evocations     | 1 2 |  2.0
Conjurations   | 1 2 |  2.4
Dodging        | 2 |  2.0
Fighting       | 1 |  1.0
Armour         | 1 |  1.0
Stealth        | |  2.7
Transmutations | |  0.7

Action                     |  1- 3 |  4- 6 |  7- 9 || total
---------------------------+-------+-------+-------++-------
  Melee: Unarmed           |     7 |       |       ||     7
         Whip              |     9 |       |       ||     9
         Trident           |       |    77 |    37 ||   114
         Punch             |       |     1 |     1 ||     2
         Dire flail        |       |       |    14 ||    14
   Fire: Sling             |     3 |     5 |       ||     8
   Cast: Sandblast         |    42 |    89 |    16 ||   147
         Mephitic Cloud    |       |     1 |     6 ||     7
  Evoke: Wand              |       |       |     2 ||     2
    Use: Scroll            |     3 |     3 |     5 ||    11
         Potion            |       |     5 |       ||     5
   Stab: Sleeping          |       |     3 |       ||     3
         Confused          |       |       |     2 ||     2
 Armour: Robe              |     6 |    10 |       ||    16
         Skin              |       |    23 |       ||    23
         Leather armour    |       |    10 |    29 ||    39
  Dodge: Dodged            |    23 |   110 |    52 ||   185
